 Dungeon Crawl Stone Soup version 0.31-a0-1068-g5939ac1fb6 (webtiles) character file.

Game seed: 13212971560211823912

9181 kae the Slicer (level 11, -10/84 HPs)
             Began as a Demonspawn Enchanter on Nov 24, 2023.
             Was a Priest of Dithmenos.
             Mangled by a death yak (16 damage)
             ... on level 11 of the Dungeon.
             The game lasted 00:13:43 (11600 turns).

kae the Slicer (Demonspawn Enchanter)              Turns: 11600, Time: 00:13:44

Health: -10/84     AC:  6    Str: 13    XL:     11   Next: 19%
Magic:  17/17      EV: 19    Int: 22    God:    Dithmenos [***...]
Gold:   605        SH:  0    Dex: 14    Spells: 7/18 levels left

rFire   . . .        a - +2 dagger
rCold   . . .        (no shield)
rNeg    . . .        o - +0 robe
rPois   .            w - +0 helmet
rElec   .            p - +0 cloak
rCorr   .            (no gloves)
SInv    .            f - +1 pair of boots
Will    +....        (no amulet)
Stlth   +++++        Y - +4 ring of slaying
HPRegen 0.34/turn    I - +6 ring of intelligence
MPRegen 0.15/turn

%: no passive effects
@: agile, enlightened, flying (expiring), wreathed by umbra
A: claws 2, powered by pain 1, spiny 1, sturdy frame 2
a: Renounce Religion, Shadow Step


You were on level 11 of the Dungeon.
You worshipped Dithmenos.
Dithmenos was most pleased with you.
You visited 2 branches of the dungeon, and saw 12 of its levels.

You collected 605 gold pieces.


Innate Abilities, Weirdness & Mutations

You have very sharp fingernails.
You sometimes gain a little power by taking damage.
You are partially covered in sharp spines.
Your movements are less encumbered by armour. (ER -4)


   Skills:
 + Level 7.2 Fighting
 * Level 9.4 Short Blades
 - Level 5.0 Dodging
 + Level 7.8 Stealth
 - Level 4.0 Spellcasting
 + Level 6.8 Hexes
 - Level 4.0 Ice Magic


You had 7 spell levels left.
You knew the following spells:

 Your Spells              Type           Power      Damage    Failure   Level
a - Ensorcelled Hibernat  Hex/Ice        56%        N/A       1%          2
b - Confusing Touch       Hex            34%        N/A       1%          3
c - Tukima's Dance        Hex            34%        N/A       1%          3
d - Dazzling Flash        Conj/Hex       38%        N/A       9%          3

Your spell library contained the following spells:

 Spells                   Type           Power      Damage    Failure   Level
 Ozocubu's Armour         Ice            22%        N/A       6%          3
 Foxfire                  Conj/Fire      16%        2x1d4     11%         1
 Kiss of Death            Conj/Necr      16%        2d6       11%         1
 Necrotise                Necr           16%        1d4       11%         1
 Shock                    Conj/Air       16%        1d4       11%         1
 Cigotuvi's Dreadful Rot  Necr/Pois/Air  8%         N/A       17%         2
 Swiftness                Air            4%         N/A       32%         3
 Vampiric Draining        Necr           4%         2d6       32%         3
 Metabolic Englaciation   Hex/Ice        14%        N/A       34%         5
 Airstrike                Air            2%         2d(1-17)  73%         4
 Animate Armour           Summ/Erth      8%         N/A       73%         4
 Dispel Undead            Necr           4%         3d7       73%         4
 Sticky Flame             Conj/Fire      4%         2d3       73%         4
 Summon Lightning Spire   Summ/Air       4%         N/A       73%         4
 Agony                    Necr           4%         N/A       97%         5
 Lee's Rapid Deconstruct  Erth           2%         3d4*      97%         5
 Simulacrum               Ice/Necr       6%         N/A       100%        6

Inventory:

Hand Weapons
 a - a +2 dagger (weapon)
 b - a +1 spear of venom
   (You found it on level 4 of the Dungeon)
Missiles
 d - 102 stones (quivered)
 q - 19 poisoned darts
 t - a boomerang
 B - a curare-tipped dart {=f}
 F - 7 javelins
Armour
 f - a +1 pair of boots (worn)
   (You found it on level 1 of the Dungeon)
 o - a +0 robe (worn)
 p - a +0 cloak (worn)
   (You found it on level 5 of the Dungeon)
 w - a +0 helmet (worn)
   (You found it on level 7 of the Dungeon)
Magical Staves
 i - a staff of conjuration {!a}
   (You found it on level 1 of the Dungeon)
 u - a staff of cold {!a}
   (You found it on level 7 of the Dungeon)
Jewellery
 c - a ring of ice
   (You found it on level 5 of the Dungeon)
 C - a ring of ice
   (You found it on level 3 of the Dungeon)
 I - a +6 ring of intelligence (right claw)
   (You found it on level 2 of the Dungeon)
 P - a ring of poison resistance
   (You found it on level 10 of the Dungeon)
 S - a +6 ring of strength
   (You found it on level 7 of the Dungeon)
 Y - a +4 ring of slaying (left claw)
   (You found it on level 1 of the Dungeon)
Wands
 s - a wand of roots (5)
   (You found it on level 6 of the Dungeon)
 v - a wand of mindburst (7)
   (You found it on level 8 of the Dungeon)
 x - a wand of flame (10)
   (You found it on level 9 of the Dungeon)
 E - a wand of digging (4)
   (You found it on level 10 of the Dungeon)
Scrolls
 e - 2 scrolls of enchant weapon
 k - 5 scrolls of identify {@r1}
 n - 3 scrolls of immolation {!r!r}
 y - a scroll of enchant armour
 A - a scroll of fog
 G - a scroll of poison {!r}
Potions
 g - a potion of degeneration {!q}
 h - 4 potions of mutation {!q}
 j - 2 potions of heal wounds {@q2}
 l - 5 potions of curing {@q1}
 m - a potion of invisibility
 r - a potion of attraction {!q}
 z - a potion of resistance

Dungeon Overview and Level Annotations

Branches:
Dungeon (11/15) Zot: 26587  Temple (1/1) D:4 Zot: 5998     Orc (0/2) D:11
   Lair: D:8-11

Altars:
Ashenzari
Cheibriados
Dithmenos
Fedhas
Gozag
Hepliaklqana
Kikubaaqudgha
Makhleb
Nemelex Xobeh
Okawaru
Qazlal
Ru
Sif Muna
Trog
Uskayaw
Vehumet
Wu Jian
Xom
Yredelemnul

Shops:
D:6 :

Annotations:
D:11 exclusion: death yak

.. ...... #.. ..... ...
#.... Y.. #...# ... #...#
... #...# ########+#'.#.
#####...######.....g[g.....
..........@Yg.).....r....##
.......#'##Yg.######.....#
.......#..#...#....#.....#
.......#..#..)#....#.....#
.......#..#####.)..#.....#
.......#...........#.....#
##.....#........)).#.....#
+..####.......).).#.....#
#...........#'##.....#


You could see 2 death yaks and 2 gnolls.


Message History

You strike the helpless death yak from behind!
You hit the death yak but do no damage. The death yak gores you!!
* * * LOW HITPOINT WARNING * * *
😱 HP[-19]
You take 19 damage, and now have 9/84 hp.
MASSIVE DAMAGE!! (PAUSE)
You feel much better. The death yak is struck by your spines.
The death yak closely misses you.
The gnoll sergeant completely misses you. 😨 HP[+14]
You regained 14 hp, and now have 23/84 hp.
You hit the death yak but do no damage. You hit the death yak but do no damage.
The death yak is struck by your spines. The death yak gores you!!
* * * LOW HITPOINT WARNING * * *
😱 HP[-20]
You take 20 damage, and now have 3/84 hp.
MASSIVE DAMAGE!! (PAUSE)
You feel much better. The death yak is struck by your spines.
The death yak misses you.
The gnoll sergeant misses you. 😨 HP[+29]
You regained 29 hp, and now have 32/84 hp.
You hit the death yak but do no damage.
You claw the death yak, but do no damage.
You hit the death yak but do no damage.
You hit the gnoll sergeant but do no damage.
You hit the gnoll sergeant but do no damage.
The gnoll sergeant appears confused.
The gnoll sergeant is struck by your spines.
You kill the gnoll sergeant!
Dithmenos accepts your kill.
Training target 4.0 for Ice Magic reached!
Your Ice Magic skill increases to level 4!
You catch the helpless death yak completely off-guard!
You impale the death yak!! 😨 HP[+1]
You hit the death yak but do no damage. The death yak is struck by your spines.
The death yak gores you but does no damage.
You hit the death yak but do no damage.
The death yak bellows!
You hit the death yak.
The death yak gores you but does no damage.
You barely miss the death yak. You hit the death yak.
The death yak closely misses you. 😨 HP[+1]
You hit the death yak but do no damage. You hit the death yak.
The death yak is struck by your spines. The death yak barely misses you.
You barely miss the death yak. You hit the death yak.
The death yak bellows!
The death yak gores you!
* * * LOW HITPOINT WARNING * * *
😨 HP[-8]
You take 8 damage, and now have 26/84 hp.
You hit the death yak.
You hit the death yak but do no damage. 😨 HP[+1]
You barely miss the death yak. You hit the death yak but do no damage.
You hit the death yak. You hit the death yak. You barely miss the death yak.
You claw the death yak, but do no damage.
The death yak completely misses you. 😨 HP[+1]
You hit the death yak. You hit the death yak but do no damage.
You flicker for a moment.
You hit the death yak.
The death yak bellows!
You hit the death yak but do no damage. The death yak misses you.
Unknown command.
You hit the death yak but do no damage.
You catch the helpless death yak completely off-guard!
You impale the death yak!!
The death yak bellows!
The death yak closely misses you. 😨 HP[+1]
The death yak bellows!
You hit the death yak. You claw the death yak.
You catch the helpless death yak completely off-guard!
You impale the death yak!!
You claw the death yak, but do no damage.
The death yak bellows!
You hit the death yak. You hit the death yak but do no damage.
Your claw misses the death yak. The death yak closely misses you.
You hit the death yak. 😨 HP[+1]
You hit the death yak but do no damage.
You are starting to lose your buoyancy.
The death yak is struck by your spines.
You kill the death yak!
Dithmenos accepts your kill.
You flicker back into view.
The death yak gores you!!
* * * LOW HITPOINT WARNING * * *
The death yak is struck by your spines. The death yak gores you!
You die...

Skill      XL: |  1  2  3  4  5  6  7  8  9 10 11 |
---------------+----------------------------------+-----
Short Blades   | 1 2 3 4 5 7 9 |  9.4
Dodging        | 2 3 4 5 |  5.0
Stealth        | 3 4 5 6 7 |  7.8
Ice Magic      | 1 2 3 4 |  4.0
Fighting       | 1 2 3 4 5 6 7 |  7.2
Spellcasting   | 3 4 |  4.0
Hexes          | 4 5 6 |  6.8

Action                     |  1- 3 |  4- 6 |  7- 9 | 10-12 || total
---------------------------+-------+-------+-------+-------++-------
  Melee: Dagger            |   123 |   142 |   181 |   196 ||   642
         Punch             |       |     2 |     1 |     6 ||     9
         Spear             |       |     4 |       |       ||     4
   Cast: Ensorcelled Hiber |     2 |    20 |    53 |    40 ||   115
         Tukima's Dance    |       |     6 |       |       ||     6
         Confusing Touch   |       |       |     3 |     9 ||    12
         Dazzling Flash    |       |       |     2 |     1 ||     3
  Evoke: Wand              |       |       |       |    14 ||    14
    Use: Scroll            |     2 |     8 |     5 |     2 ||    17
         Potion            |       |     2 |       |     5 ||     7
   Stab: Sleeping          |     6 |    17 |    34 |    20 ||    77
         Confused          |       |       |     2 |     7 ||     9
         Invisible         |       |       |     1 |     5 ||     6
         Distracted        |       |       |     1 |       ||     1
 Armour: Robe              |    49 |    60 |   125 |    99 ||   333
  Dodge: Dodged            |    79 |    55 |   101 |    99 ||   334

Levels and vault maps discovered:
D:1:      lightli_arrival_statuegarden, layout_basic, hex_intersection,
          minmay_worlds_worst_comb
D:2:      layout_loops_corners
D:3:      layout_loops_ring, shapermc_ecumenical_altar_flowoftime,
          wad_rectangle_vault
D:4:      layout_cave_pools, mainiacjoe_overflow_alcove_2,
          nicolae_ashenzari_panopticon, mainiacjoe_overflow_brackets,
          hellmonk_sif_muna_bookshelves, minmay_temple_entry_hall,
          minmay_crystal_water
D:5:      layout_basic, nemelex_diamond_rough_becter, elyvilon_altar_5,
          uniq_grinder
D:6:      layout_gridville, mainiacjoe_overflow_tiny_flanked, minitemple,
          serial_shops, nicolae_book_shop_shelving
D:7:      layout_rooms, mainiacjoe_overflow_paths
D:8:      layout_basic
D:9:      layout_irregular_city, nicolae_qazlal_general_emergency,
          old_standard_altar, trog_ov_bears_minmay, uniq_psyche
D:10:     layout_roguey, serial_library_hellmonk_statue_hall,
          kennysheep_cross_bottleneck, nicolae_where_there's_smoke, uniq_urug
D:11:     layout_irregular_city, dpeg_lair_monsters, orc_0_dummy
Temple:   nicolae_temple_superstar

Notes
Turn   | Place    | Note
-------+----------+-------------------------------------------
     0 | D:1      | kae the Demonspawn Enchanter began the quest for the Orb.
     0 | D:1      | Reached XP level 1. HP: 13/13 MP: 3/3
     0 | D:1      | magus.rc [v1.11.3]
    22 | D:1      | HP: 2/13 [kobold/+0 whip (4)]
    85 | D:1      | Reached skill level 1 in Short Blades
   136 | D:1      | HP: 3/13 [quokka (4)]
   204 | D:1      | Gained mutation: Your movements are slightly less
                  | encumbered by armour. (ER -2) [demonic ancestry]
   204 | D:1      | Reached XP level 2. HP: 19/19 MP: 5/5
   207 | D:1      | Learned a level 2 spell: Ensorcelled Hibernation
   230 | D:1      | Reached skill level 2 in Dodging
   445 | D:1      | Gained mutation: You are partially covered in sharp spines.
                  | [demonic ancestry]
   445 | D:1      | Reached XP level 3. HP: 24/24 MP: 6/6
   621 | D:1      | Reached skill level 3 in Stealth
   823 | D:1      | Learned a level 3 spell: Confusing Touch
  1181 | D:2      | Reached skill level 1 in Ice Magic
  1216 | D:2      | Gained mutation: You sometimes gain a little power by
                  | taking damage. [demonic ancestry]
  1216 | D:2      | Reached XP level 4. HP: 25/31 MP: 7/7
  1997 | D:3      | Reached skill level 1 in Fighting
  2049 | D:3      | Reached skill level 2 in Short Blades
  2434 | D:3      | Found a faded altar of an unknown god.
  2753 | D:4      | Reached XP level 5. HP: 37/37 MP: 8/8
  2801 | D:4      | Learned a level 3 spell: Tukima's Dance
  2881 | D:4      | Reached skill level 2 in Ice Magic
  2975 | D:4      | Found an ancient bone altar of Kikubaaqudgha.
  3014 | D:3      | HP: 8/37 [poisoned by a scorpion]
  3014 | D:3      | HP: 2/37 [scorpion (6)]
  3018 | D:3      | Gained mutation: You have sharp fingernails. [demonic
                  | ancestry]
  3018 | D:3      | Reached XP level 6. HP: 21/43 MP: 1/10
  3341 | D:4      | Found a broken altar of Ashenzari.
  3456 | D:4      | Found a snail-covered altar of Cheibriados.
  3533 | D:4      | Found a shimmering blue altar of Sif Muna.
  3621 | D:4      | Found a staircase to the Ecumenical Temple.
  3627 | Temple   | Entered the Ecumenical Temple
  3812 | D:5      | Entered Level 5 of the Dungeon
  3828 | D:5      | Reached skill level 3 in Short Blades
  4046 | D:5      | Reached skill level 2 in Fighting
  4080 | D:5      | Gained mutation: Your movements are less encumbered by
                  | armour. (ER -4) [demonic ancestry]
  4080 | D:5      | Reached XP level 7. HP: 20/50 MP: 11/11
  4083 | D:5      | Reached skill level 3 in Spellcasting
  4203 | D:5      | Reached skill level 4 in Hexes
  4203 | D:5      | Reached skill level 3 in Ice Magic
  4388 | D:5      | Found a sparkling altar of Nemelex Xobeh.
  4452 | D:5      | Reached skill level 3 in Dodging
  4501 | D:5      | You add the spells Foxfire, Cigotuvi's Dreadful Rot and
                  | Sticky Flame to your library.
  4501 | D:5      | Got the Compendium of Sharkskin
  4514 | D:5      | Noticed Grinder
  4536 | D:5      | Killed Grinder
  4537 | D:5      | Reached skill level 4 in Stealth
  4735 | D:6      | Learned a level 3 spell: Dazzling Flash
  4900 | D:6      | Reached skill level 4 in Short Blades
  4905 | D:6      | Identified the +0 leather armour of Muakkus {Contam rPois
                  | rF- Regen+}
  4923 | D:6      | Reached skill level 3 in Fighting
  4923 | D:6      | Reached XP level 8. HP: 53/58 MP: 6/13
  5022 | D:6      | Found a shimmering altar of Xom.
  5025 | D:6      | Found a basalt altar of Yredelemnul.
  5059 | D:6      | Found a hide-covered altar of Uskayaw.
  5063 | D:6      | Found a shadowy altar of Dithmenos.
  5254 | D:6      | Became a worshipper of Dithmenos the Shadowed
  5369 | D:6      | Found Ejanox's Book Emporium.
  5865 | D:7      | You pick up a book of Winter and begin reading...
  5865 | D:7      | You add the spells Ozocubu's Armour, Metabolic Englaciation
                  | and Simulacrum to your library.
  5941 | D:7      | Reached skill level 4 in Spellcasting
  5944 | D:7      | Reached skill level 5 in Short Blades
  5944 | D:7      | Reached skill level 4 in Dodging
  6216 | D:7      | Reached skill level 5 in Hexes
  6228 | D:7      | HP: 14/60 [gnoll bouda/+0 whip (4)]
  6486 | D:7      | Found a sacrificial altar of Ru.
  6980 | D:8      | Reached * piety under Dithmenos
  7066 | D:8      | Reached skill level 4 in Fighting
  7086 | D:8      | Reached skill level 5 in Stealth
  7086 | D:8      | Reached XP level 9. HP: 65/65 MP: 10/15
  7938 | D:9      | You pick up a book of Touch and begin reading...
  7938 | D:9      | You add the spells Kiss of Death and Dispel Undead to your
                  | library.
  7984 | D:9      | You pick up a book of Iron and begin reading...
  7984 | D:9      | You add the spells Summon Lightning Spire, Animate Armour
                  | and Lee's Rapid Deconstruction to your library.
  8010 | D:9      | Found a stormy altar of Qazlal.
  8027 | D:9      | Noticed a two-headed ogre
  8039 | D:9      | Killed a two-headed ogre
  8040 | D:9      | Reached skill level 6 in Short Blades
  8152 | D:9      | Noticed Psyche
  8162 | D:9      | Killed Psyche
  8163 | D:9      | Reached skill level 5 in Fighting
  8163 | D:9      | Reached skill level 5 in Dodging
  8219 | D:9      | Found an opulent altar of Gozag.
  8237 | D:9      | Reached skill level 6 in Hexes
  8265 | D:9      | Reached skill level 6 in Stealth
  8392 | D:9      | Identified the +0 pair of boots "Teamo" {Dex+3}
  8455 | D:9      | Noticed a troll
  8464 | D:9      | Reached skill level 7 in Short Blades
  8465 | D:9      | Killed a troll
  8468 | D:9      | Reached ** piety under Dithmenos
  8536 | D:9      | Reached XP level 10. HP: 68/74 MP: 13/16
  8614 | D:9      | Found a bloodstained altar of Trog.
  8989 | D:10     | Entered Level 10 of the Dungeon
  9051 | D:10     | Noticed a smoke demon
  9143 | D:10     | Reached skill level 6 in Fighting
  9146 | D:10     | Reached skill level 8 in Short Blades
  9753 | D:10     | Reached skill level 7 in Stealth
  9788 | D:10     | You pick up a book of Necromancy and begin reading...
  9788 | D:10     | You add the spells Necrotise, Vampiric Draining and Agony
                  | to your library.
  9802 | D:10     | Noticed Urug
  9807 | D:10     | Killed Urug
  9986 | D:10     | Found a shimmering blue altar of Sif Muna.
  9994 | D:10     | You pick up a book of Air and begin reading...
  9994 | D:10     | You add the spells Shock, Swiftness and Airstrike to your
                  | library.
 10076 | D:10     | Noticed a rust devil
 10076 | D:10     | Noticed a rust devil
 10344 | D:10     | Killed a rust devil
 10621 | D:10     | Killed a rust devil
 10697 | D:10     | HP: 17/77 [smoke demon/ball of steam (10)]
 10721 | D:10     | HP: 16/77 [something] (4)]
 11042 | D:10     | Killed a smoke demon
 11043 | D:10     | Reached skill level 9 in Short Blades
 11157 | D:11     | Noticed a gargoyle
 11160 | D:11     | Killed a gargoyle
 11175 | D:11     | Gained mutation: You have very sharp fingernails. [demonic
                  | ancestry]
 11175 | D:11     | Reached XP level 11. HP: 83/83 MP: 10/17
 11230 | D:11     | Reached skill level 7 in Fighting
 11268 | D:11     | Noticed a death yak
 11305 | D:11     | Found a staircase to the Orcish Mines.
 11525 | D:11     | Noticed a death yak
 11540 | D:11     | Reached *** piety under Dithmenos
 11547 | D:11     | Noticed a death yak
 11562 | D:11     | HP: 9/84 [death yak (19)]
 11565 | D:11     | HP: 3/84 [death yak (20)]
 11571 | D:11     | Reached skill level 4 in Ice Magic
 11599 | D:11     | Killed a death yak
 11600 | D:11     | HP: 6/84 [death yak (24)]
 11600 | D:11     | Mangled by a death yak

Vanquished Creatures
  A death yak (D:11)
  A two-headed ogre (D:9)
  Urug (D:10)
  A cyclops (D:11)
  A gargoyle (D:11)
  2 rust devils (D:10)
  A smoke demon (D:10)
  Psyche (D:9)
  2 trolls (D:9)
  Grinder (D:5)
  2 wraiths
  8 yaks (D:10)
  2 shadows
  An acid dragon (D:11)
  3 water moccasins
  3 orc warriors
  4 black bears
  An ogre (D:5)
  2 centaurs
  A phantom (D:6)
  2 kobold brigands (D:9)
  4 gnoll sergeants
  A scorpion (D:3)
  6 killer bees
  3 howler monkeys
  A jelly (D:4)
  A lava snake (D:10)
  8 orc priests
  2 gnoll boudas (D:6)
  4 hounds (D:5)
  A hell rat (D:11)
  2 iguanas
  5 orc wizards
  21 gnolls
  6 adders
  2 white imps (D:8)
  2 ufetubi (D:6)
  A worm (D:2)
  4 dart slugs
  26 orcs
  10 ball pythons
  5 bats
  9 endoplasms
  10 giant cockroaches
  3 goblins
  4 hobgoblins
  14 jackals
  16 kobolds
  5 quokkas
  3 frilled lizards
  6 rats
226 creatures vanquished.

Vanquished Creatures (collateral kills)
  A gnoll (D:4)
  An endoplasm (D:4)
2 creatures vanquished.

Vanquished Creatures (others)
  A dancing weapon (D:4)
1 creature vanquished.

Grand Total: 229 creatures vanquished

Table legend:
 A = Non-vault XP
 B = Vault XP
 C = Vault XP percentage of total XP
 D = Non-vault monster count
 E = Vault monster count
 F = Vault count percentage of total count
                 A         B        C        D         E       F
            +---------+---------+-------+---------+---------+-------
      Total |    9224 |    3892 |  29.7 |     203 |      25 |  11.0
            +---------+---------+-------+---------+---------+-------
        D:1 |      54 |      14 |  20.6 |      29 |       7 |  19.4
        D:2 |      49 |       0 |   0.0 |      12 |       0 |   0.0
        D:3 |     137 |      24 |  14.9 |      22 |       6 |  21.4
        D:4 |     218 |       0 |   0.0 |      17 |       0 |   0.0
        D:5 |     497 |     272 |  35.4 |      13 |       1 |   7.1
        D:6 |     629 |       0 |   0.0 |      16 |       0 |   0.0
        D:7 |     603 |       0 |   0.0 |      18 |       0 |   0.0
        D:8 |     590 |       0 |   0.0 |      14 |       0 |   0.0
        D:9 |    2300 |     664 |  22.4 |      29 |       3 |   9.4
       D:10 |    2243 |    2058 |  47.8 |      20 |       4 |  16.7
       D:11 |    1904 |     860 |  31.1 |      13 |       4 |  23.5
            +---------+---------+-------+---------+---------+-------

Skill      XL: |  1  2  3  4  5  6  7  8  9 10 11 |
---------------+----------------------------------+-----
Short Blades   | 1 2 3 4 5 7 9 |  9.4
Dodging        | 2 3 4 5 |  5.0
Stealth        | 3 4 5 6 7 |  7.8
Ice Magic      | 1 2 3 4 |  4.0
Fighting       | 1 2 3 4 5 6 7 |  7.2
Spellcasting   | 3 4 |  4.0
Hexes          | 4 5 6 |  6.8

Action                     |  1- 3 |  4- 6 |  7- 9 | 10-12 || total
---------------------------+-------+-------+-------+-------++-------
  Melee: Dagger            |   123 |   142 |   181 |   196 ||   642
         Punch             |       |     2 |     1 |     6 ||     9
         Spear             |       |     4 |       |       ||     4
   Cast: Ensorcelled Hiber |     2 |    20 |    53 |    40 ||   115
         Tukima's Dance    |       |     6 |       |       ||     6
         Confusing Touch   |       |       |     3 |     9 ||    12
         Dazzling Flash    |       |       |     2 |     1 ||     3
  Evoke: Wand              |       |       |       |    14 ||    14
    Use: Scroll            |     2 |     8 |     5 |     2 ||    17
         Potion            |       |     2 |       |     5 ||     7
   Stab: Sleeping          |     6 |    17 |    34 |    20 ||    77
         Confused          |       |       |     2 |     7 ||     9
         Invisible         |       |       |     1 |     5 ||     6
         Distracted        |       |       |     1 |       ||     1
 Armour: Robe              |    49 |    60 |   125 |    99 ||   333
  Dodge: Dodged            |    79 |    55 |   101 |    99 ||   334

Illustrated notes

Table legend:
 A = Kills in this place as a percentage of kills in the entire game.
 B = Kills by you in this place as a percentage of kills by you in the entire game.
 C = Kills by friends in this place as a percentage of kills by friends in the entire game.
 D = Other kills in this place as a percentage of other kills in the entire game.
 E = Experience gained in this place as a percentage of experience gained in the entire game.
 F = Experience gained in this place divided by the number of levels of this place that you have seen.
                   A       B       C       D       E      F
               +-------+-------+-------+-------+-------+----------------------
         Total | 100.0 | 100.0 | 100.0 |   N/A | 100.0 | 1093.0
       Dungeon | 100.0 | 100.0 | 100.0 |   N/A | 100.0 | 1192.4
               +-------+-------+-------+-------+-------+----------------------

Table legend: (Time is in decaauts)
 A = Elapsed time spent in this place.
 B = Non-inter-level travel time spent in this place.
 C = Inter-level travel time spent in this place.
 D = Time resting spent in this place.
 E = Time spent auto-exploring this place.
 F = Levels seen in this place.
 G = Mean time per level.
                   A        B        C        D        E       F      G
               +--------+--------+--------+--------+--------+-----+--------+
         Total |  11453 |  10959 |    494 |   1205 |   8040 |  12 |  954.4 |
       Dungeon |  11451 |  10959 |    492 |   1205 |   8040 |  11 | 1041.0 |
        Temple |      1 |      0 |      1 |      0 |      0 |   1 |    1.0 |
               +--------+--------+--------+--------+--------+-----+--------+

Top non-repeatable levels by time:
    D:10: 1899 daAuts
     D:9: 1362 daAuts
     D:7: 1111 daAuts
     D:6: 1075 daAuts
     D:3: 1070 daAuts
     D:2: 988 daAuts
     D:5: 912 daAuts
     D:8: 887 daAuts
     D:1: 867 daAuts
     D:4: 865 daAuts
    D:11: 411 daAuts
  Temple: 1 daAuts
